 Dungeon Crawl Stone Soup version 0.15.2 (webtiles) character file.

148 HAWKINGL3623 the Skirmisher (level 5, 0/47 HPs)
             Began as a Hill Orc Chaos Knight on Mar 9, 2016.
             Was a Plaything of Xom.
             Succumbed to an orc wizard's poison
             ... on Level 3 of the Dungeon.
             The game lasted 00:15:58 (2763 turns).

HAWKINGL3623 the Skirmisher (Hill Orc Chaos Knight) Turns: 2763, Time: 00:15:58

HP   0/47        AC 19     Str 16      XL: 5   Next: 30%
MP   5/5         EV  0     Int 12      God: Xom
Gold 108         SH 10     Dex 10      Spells:  0 memorised,  4 levels left

rFire  . . .     SeeInvis .     g - +2 club (chaos) (curse)
rCold  . . .     Clarity  .     d - +3 plate armour
rNeg   . . .     rCorr    .     l - +0 large shield
rPois  .         rRot     .     (no helmet)
rElec  .         Spirit   .     j - +0 cloak
SustAb .         Warding  .     (no gloves)
rMut   .         Stasis   +     (no boots)
Gourm  .                        e - amulet of stasis
MR     .....                    (no ring)
                                c - +4 ring of protection

@: lethally poisoned, very slightly contaminated, heavily drained, invisible,
not resistant to hostile enchantments, extremely unstealthy
A: no striking features
a: Renounce Religion


You were on level 3 of the Dungeon.
You worshipped Xom.
You were a plaything of Xom.
You were not hungry.

You visited 1 branch of the dungeon, and saw 3 of its levels.

You collected 108 gold pieces.

Inventory:

Hand weapons
 a - a +2 quarterstaff of chaos
 g - a cursed +2 club of chaos (weapon)
 i - a +0 falchion of chaos
Missiles
 k - a javelin (quivered)
Armour
 d - a +3 plate armour (worn)
 j - a +0 cloak (worn)
 l - a +0 large shield (worn)
Comestibles
 b - a meat ration
 f - 4 bread rations
 n - a fruit
Scrolls
 h - 2 scrolls of identify
Jewellery
 c - a +4 ring of protection (left hand)
 e - an amulet of stasis (around neck)


   Skills:
 + Level 4.5(3.0) Fighting
 + Level 4.1(2.7) Long Blades
 + Level 3.5(2.1) Armour
 + Level 1.5(0.2) Dodging
 + Level 1.1(0.0) Stealth
 + Level 0.4(0.0) Shields


You had 4 spell levels left.
You didn't know any spells.

Dungeon Overview and Level Annotations

Branches:
Dungeon (3/15)

Altars:
Xom
Zin


Message History

You feel sick.
You hit the orc wizard but do no damage.
The orc wizard is heavily wounded.
* * * LOW HITPOINT WARNING * * *
You feel very sick. The orc hits you but does no damage.
You hit the orc wizard.
You feel better.
The orc wizard is severely wounded.
* * * LOW HITPOINT WARNING * * *
You feel very sick.
The orc wizard looks more healthy.
The orc hits you.
* * * LOW HITPOINT WARNING * * *
The orc hits you but does no damage.
Read which item? (? for menu, Esc to quit)
You don't have any unidentified items.
You hit the orc wizard.
The orc wizard glows mottled grey for a moment.
The orc wizard is almost dead.
You die...
Xom chuckles heartily!

*,r,,,,,,,,,.,,,..,**,,,,,,,**,,,
***,*,,*,,,...###.**,,,,,,,,,**,*
***,*,,*,,....$...*,,,*###*,,,*,*
*,,,,,,,,.........##,+#.#.#+,**.*
***,*,,*,..........###..#..###..,
*,,,,,,......###.....###.....#r
***,,,$.....$......+...........
*,**,....#...o...#.#...#.#.#,
**,**o,*,,#.o@l...#.#.#.#.#.#*
***,,,,........########.#.#)#.##
*,,,,,ol>.......................
***,****.#.##..*##..............
*,* *,#,*#..* #.######.#.#### *,*
*,*,*#..* #,* #.#.#### *,*
*,*,*#<.***,*****#.#..... ***
*,*,*##.,,,,,,,,,..#..>.. *,*,*
*.,********#.#.....


You could see an orc wizard (berserk), an orc and a giant newt.

Vanquished Creatures
  Crazy Yiuf (D:2)
  A worker ant (D:3)
  A hound skeleton (D:3)
  3 adders (D:3)
  A giant gecko (D:1)
  An ooze (D:2)
  3 bats
  2 giant cockroaches
  9 hobgoblins
  3 jackals (D:1)
  2 giant newts (D:1)
  13 goblins
  5 kobolds
  6 rats
51 creatures vanquished.

Vanquished Creatures (others)
  A quasit (D:2)
  A rat zombie (D:1)
2 creatures vanquished.

Grand Total: 53 creatures vanquished

Notes
Turn   | Place    | Note
--------------------------------------------------------------
     0 | D:1      | HAWKINGL3623, the Hill Orc Chaos Knight, began the quest for the Orb.
     0 | D:1      | Reached XP level 1. HP: 19/19 MP: 1/1
   100 | D:1      | Reached XP level 2. HP: 24/27 MP: 2/2
   347 | D:1      | Reached skill level 1 in Dodging
   407 | D:1      | XOM: potion effect (brilliance)
   595 | D:1      | Reached XP level 3. HP: 26/33 MP: 3/3
   702 | D:1      | XOM: harmless Conj miscast
   719 | D:1      | XOM: harmless Pois miscast
  1243 | D:2      | Reached skill level 4 in Fighting
  1398 | D:2      | Noticed an angel
  1400 | D:2      | Found a glowing silver altar of Zin.
  1400 | D:2      | Found a shimmering altar of Xom.
  1570 | D:2      | XOM: silly message
  1654 | D:2      | Noticed Crazy Yiuf
  1699 | D:2      | XOM: swap weapons
  1706 | D:2      | XOM: swap weapons
  1718 | D:2      | XOM: polymorph goblin -> adder
  1753 | D:2      | XOM: enchant monster (bad)
  1767 | D:2      | XOM: chaos upgrade
  1768 | D:2      | XOM: snakes to sticks
  1769 | D:2      | XOM: noise
  1772 | D:2      | XOM: summons 4 hostile shadow creatures
  1780 | D:2      | XOM: silly message
  1781 | D:2      | XOM: potion effect (heal wounds)
  1832 | D:2      | XOM: harmless Necr miscast
  1878 | D:2      | XOM: noise
  1896 | D:2      | XOM: cast spell 'Confusing Touch'
  1919 | D:2      | XOM: silly message
  1921 | D:2      | XOM: summons friendly quasit
  1929 | D:2      | XOM: swap weapons
  1942 | D:2      | XOM: divination: detect creatures
  1953 | D:2      | XOM: noise
  1957 | D:2      | XOM: blink monster(s)
  1973 | D:2      | Killed Crazy Yiuf
  1973 | D:2      | Reached XP level 4. HP: 36/41 MP: 2/4
  2395 | D:3      | XOM: harmless Divn miscast
  2643 | D:3      | Reached skill level 1 in Stealth
  2643 | D:3      | Reached XP level 5. HP: 38/47 MP: 5/5
  2720 | D:3      | XOM: divination: detect creatures
  2754 | D:3      | XOM: mild Summ miscast
  2762 | D:3      | HP: 2/47 [poisoned by an orc wizard]
  2763 | D:3      | Succumbed to an orc wizard's poison

Action                   |  1- 3 |  4- 6 || total
-------------------------+-------+-------++-------
Melee: Falchion          |   129 |       ||   129
       Club              |     8 |    68 ||    76
Throw: Javelin           |       |     1 ||     1
  Use: Scroll            |     7 |     2 ||     9
       Potion            |     2 |     3 ||     5
 Stab: Confused          |     1 |       ||     1
       Paralysed         |     1 |       ||     1
  Eat: Chunk             |     1 |     1 ||     2
       Pizza             |     1 |       ||     1
       Meat ration       |       |     1 ||     1
